 Dungeon Crawl Stone Soup version 0.28.0-47-ge53b351184 (webtiles) character file.

Game seed: 6895695590329039113

194 101zpm the Chiller (level 5, -4/28 HPs)
             Began as a Gargoyle Ice Elementalist on Apr 27, 2022.
             Slain by Grinder (5 damage)
             ... while paralysed by Grinder
             ... on level 3 of the Dungeon.
             The game lasted 00:06:46 (2822 turns).

101zpm the Chiller (Gargoyle Ice Elementalist)      Turns: 2822, Time: 00:06:47

Health: -4/28      AC:  6    Str: 11    XL:     5   Next: 73%
Magic:  2/10       EV:  2    Int: 18    God:
Gold:   91         SH:  0    Dex: 10    Spells: 4/11 levels left

rFire   . . .      SeeInvis .   (no weapon)
rCold   . . .      Faith    .   (no shield)
rNeg    + . .      Spirit   .   a - +0 robe
rPois   ∞          Reflect  .   (no helmet)
rElec   +          Harm     .   (no cloak)
rCorr   .          Rampage  .   (no gloves)
Will    .....                   (no boots)
Stlth   ++........              (no amulet)
HPRegen 0.09/turn               (no ring)
MPRegen 0.12/turn               (no ring)

@: paralysed
A: sickness immunity, AC +4, negative energy resistance 1, electricity
resistance, torment resistance 1, petrification resistance
a: no special abilities


You were on level 3 of the Dungeon.
You visited 1 branch of the dungeon, and saw 3 of its levels.

You collected 91 gold pieces.

Inventory:

Armour
 a - a +0 robe (worn)
Jewellery
 b - a ring of resist corrosion
 d - a ring of protection from cold
Wands
 h - a wand of flame (15)
Scrolls
 c - a scroll of blinking {unknown}
 f - a scroll of identify {unknown}
 g - a scroll of fear {unknown}
Potions
 e - 2 potions of invisibility {unknown}
 i - a potion of attraction {unknown}


   Skills:
 + Level 0.1 Fighting
 + Level 1.8 Dodging
 + Level 2.5 Stealth
 + Level 3.6 Spellcasting
 + Level 5.5 Ice Magic


You had 4 spell levels left.
You knew the following spells:

 Your Spells              Type           Power      Damage    Failure   Level
a - Freeze                Ice            92%        1d10      1%          1
b - Frozen Ramparts       Ice            46%        1d6       4%          3
c - Ozocubu's Armour      Ice            23%        N/A       4%          3

Your spell library contained the following spells:

 Spells                   Type           Power      Damage    Failure   Level
 Hailstorm                Conj/Ice       13%        3d5       43%         4


Dungeon Overview and Level Annotations

Branches:
Dungeon (3/15)

Altars:

Annotations:
D:3 Grinder


Innate Abilities, Weirdness & Mutations

You are immune to sickness and miasma.
Your stone body is resilient. (AC +4)
You are immune to poison.
You resist negative energy. (rN+)
You are resistant to electric shocks. (rElec)
You are resistant to unholy torment.
You are immune to petrification.


Message History

Grinder completely resists.
The wall freezes Grinder but does no damage.
Grinder hits you!
You writhe in agony.
You freeze Grinder.
Grinder resists.
Grinder is lightly wounded.
Grinder completely resists.
The wall freezes Grinder but does no damage.
Grinder completely misses you.
Aiming: Freeze (safe; 1% risk of failure)
Press: ? - help, Q - select action, (/) - cycle Shift-Dir - straight line, f/p - Grinder
Aim: Grinder (lightly wounded)
You freeze Grinder but do no damage.
Grinder completely resists.
Grinder completely resists.
The wall freezes Grinder but does no damage.
Grinder hits you.
You writhe in agony.
You closely miss Grinder.
Grinder is lightly wounded.
The frozen ramparts melt away.
Grinder hits you.
You writhe in agony.
You hit Grinder but do no damage.
Grinder is lightly wounded.
Grinder barely misses you.
You hit Grinder.
Grinder is lightly wounded.
Grinder hits you but does no damage.
You barely miss Grinder.
Grinder is lightly wounded.
Grinder hits you!
* * * LOW HITPOINT WARNING * * *
You writhe in agony.
* * * LOW HITPOINT WARNING * * *
Your icy armour will break if you move.
Continue?
Your icy armour cracks and falls away as you move.
Grinder gestures at you.
You suddenly lose the ability to move!
Grinder hits you.
* * * LOW HITPOINT WARNING * * *
You writhe in agony.
* * * LOW HITPOINT WARNING * * *
Grinder hits you.
You die...

.. #.......... # ####
#......#### . ..#
###.#### #.###.# #.#
#.#...## # #...>..# ##+#
#......# ##...## #.....#
##.....##
####..@#####.......####
#.......5.##.........#..
...........'.........'..
#.##.......#.........#.#
# #.#.##..##.......##.#
#... #..###.....###.#
#..# #..# ##...## #.#
#..###..# ##'## #..
##.......# #.# ###


You could see Grinder.

Vanquished Creatures
  A scorpion (D:2)
  Terence (D:3)
  An orc wizard (D:3)
  Robin (D:2)
  An adder (D:3)
  3 worms
  A dart slug (D:3)
  6 orcs (D:3)
  9 endoplasms
  10 goblins
  5 hobgoblins
  4 kobolds
  A quokka (D:3)
  A ball python (D:3)
  4 bats
  A frilled lizard (D:3)
  2 rats
52 creatures vanquished.

Notes
Turn   | Place    | Note
-------+----------+-------------------------------------------
     0 | D:1      | 101zpm the Gargoyle Ice Elementalist began the quest for
                  | the Orb.
     0 | D:1      | Reached XP level 1. HP: 10/10 MP: 3/3
   430 | D:2      | Reached XP level 2. HP: 9/15 MP: 1/5
   871 | D:2      | Noticed Robin
   873 | D:2      | Reached XP level 3. HP: 17/19 MP: 4/6
  1062 | D:2      | Killed Robin
  1332 | D:2      | Noticed a scorpion
  1337 | D:2      | Killed a scorpion
  1338 | D:2      | Reached skill level 5 in Ice Magic
  1338 | D:2      | Reached XP level 4. HP: 24/24 MP: 4/8
  1918 | D:3      | Reached XP level 5. HP: 23/28 MP: 6/9
  2281 | D:3      | Learned a level 3 spell: Frozen Ramparts
  2285 | D:3      | Learned a level 3 spell: Ozocubu's Armour
  2323 | D:3      | Noticed Terence
  2330 | D:3      | Killed Terence
  2802 | D:3      | Noticed Grinder
  2819 | D:3      | Paralysed by Grinder for 6 turns
  2821 | D:3      | HP: 1/28 [Grinder (2)]
  2822 | D:3      | Slain by Grinder

Illustrated notes

Levels and vault maps discovered:
D:1:      dpeg_arrival_castle, layout_loops_ring,
          hellmonk_ecumenical_altar_blasted
D:2:      layout_loops_ring, uniq_robin
D:3:      layout_loops_corners, mainiacjoe_overflow_catch_the_wave,
          uniq_grinder, uniq_natasha, uniq_terence

Skill      XL: |  1  2  3 |
---------------+----------+-----
Spellcasting   | 3 |  3.6
Ice Magic      | 5 |  5.5
Fighting       | |  0.1
Dodging        | |  1.8
Stealth        | |  2.5

Action                   |  1- 3 |  4- 6 || total
-------------------------+-------+-------++-------
Melee: Unarmed           |    14 |     4 ||    18
 Cast: Freeze            |    45 |    56 ||   101
       Ozocubu's Armour  |       |     1 ||     1
       Frozen Ramparts   |       |     1 ||     1
Armor: Robe              |    17 |    11 ||    28
Dodge: Dodged            |    31 |    18 ||    49
